Zazza, neutral female human Tourist --- ------- --..| ---- -------- -- --- --..|..--|...-- --- --..| ---......| --.--.---------..>^...--....--- |.. |..<| |.%....-.--- |.............................| --- --.. ---.|%| ---)--.......| --......------........--......| .-- |...--|...|.| |.%.||-...--.--- |......| |....@...--.....-- -..| -....--.--|)|--.----.....|...| --.--.-| ----.-DD.........| ----|..-- -.....| |%|...| |.....----.-- -- --.----|..|...|........-| |..--.... ---.--- |.|)--- |....-- |..| |..|.--...--.--........| |......- |.-- |...| --.--- |..| |.........-|...........| |......| ---..| |.--- --- ---- ---......%.---.........| |...).- --....| |.| |..........|........-- --....| --....-- |.-- --..........|--.....-- ---.|..-- ---.....| |..--- |...........--|.....| |...|...#------.......| --....-- --............---..-------.-#|.....%....[..%...- |......| |..........................# #--.)..---.--.......|--..|.-- --.|.---..--..-------#-#-##- --.--- ------.--..| ------ ----- -------- --- --- --- Zazza the Excursionist Experience level: 6 Strength: 12 Dexterity: 13 Constitution: 13 Intelligence: 14 Wisdom: 12 Charisma: 18 Health: 0(48) Energy: 25(25) Def: 0 Gold: 190 Moves: 4005 Dungeon seed: RTPxzpzGIFFGEBae Game ID: Zazza_1575616371 Your Inventory: Coins $ - 190 gold pieces Weapons a - 23 +2 darts (in quiver) p - 3 +0 orcish daggers t - a cursed -2 dagger u - 3 +1 daggers L - 7 +2 darts R - 4 +0 daggers S - a +0 aklys Z - 4 blessed +0 daggers Armor e - an uncursed +0 Hawaiian shirt n - an uncursed +0 orcish helm q - an uncursed -2 pair of levitation boots w - a cursed +0 dwarvish mithril-coat y - an uncursed +0 pair of iron shoes Scrolls b - 2 uncursed scrolls of blank paper d - a blessed scroll of blank paper f - a blessed scroll of enchant armor j - 2 blessed scrolls of magic mapping v - an uncursed scroll of magic mapping W - an uncursed scroll of scare monster Spellbooks g - an uncursed spellbook of sleep Rings Q - a cursed ring of polymorph (on right hand) U - a cursed ring of polymorph control (on left hand) Wands A - a wand of magic missile (0:6) I - a wand of make invisible (0:8) Tools h - an uncursed chest k - an uncursed lock pick l - an expensive camera (0:73) m - an uncursed credit card o - a blessed wax candle (0:400) s - an uncursed magic whistle V - 5 uncursed tallow candles (0:200) Gems r - an uncursed worthless piece of blue glass z - 2 uncursed amethyst stones N - an uncursed worthless piece of red glass Y - 4 uncursed worthless pieces of green glass Contents of the chest: 2 uncursed eggs Spells and supernatural/magical abilities: Name Level Category Fail Memory W - pray for help -- divine ? -- Your skills at the end: Fighting Skills Weapon Skills dagger [Basic] dart [Basic] Spellcasting Skills Final Attributes: You were piously aligned. You were telepathic. You were polymorphing. You had polymorph control. You are dead. Vanquished creatures: a small mimic a gnome king a dwarf lord a rock piercer a gnome lord a gnomish wizard a paper golem 2 little dogs 5 floating eyes a kitten 3 dwarves 6 orc zombies 3 iguanas a hobbit a large kobold a hobgoblin 2 giant rats a green mold 12 gnomes a gecko 9 jackals 2 goblins 14 grid bugs a bat 4 lichens a newt 77 creatures vanquished. Voluntary challenges: You used a wielded weapon 78 times, starting on turn 684. You read items or engraved 25 times, starting on turn 594. You never genocided any monsters. You never polymorphed an object. You changed form 8 times, starting on turn 2868. You used no wishes. You never split a pudding. You wrote Elbereth's name 17 times, starting on turn 961. You never violated your personal moral code. Dungeon overview: The Dungeons of Doom: levels 1 to 6 Level 1 a long staircase Level 2 Level 3 a jewelry store stairs to The Gnomish Mines Level 4 some fountains Level 5 a jewelry store Level 6 The Gnomish Mines: levels 4 to 5 Level 4 <- You were here stairs to The Dungeons of Doom Level 5 History has recorded: On T:1 you entered the Dungeons of Doom to retrieve the Amulet of Yendor! On T:455 you reached level 2 of The Dungeons of Doom. On T:838 you advanced to experience level 2. On T:943 you reached level 3 of The Dungeons of Doom. On T:1419 you reached level 4 of The Dungeons of Doom. On T:1649 you advanced to experience level 3. On T:1754 you reached level 5 of The Dungeons of Doom. On T:1953 you reached level 6 of The Dungeons of Doom. On T:2839 you advanced to experience level 4. On T:3365 you advanced to experience level 5. On T:3377 you reached level 1 of The Gnomish Mines. On T:3863 you reached level 2 of The Gnomish Mines. On T:3874 you advanced to experience level 6. Score breakdown: Gold: 0 ( 0 points) Experience: 6 levels (12456 points) Exploration: 6 levels ( 12.00%) ( 9583 points) Discoveries: 5 items ( 1.68%) ( 3885 points) Valuables value: (no points given unless you survive) Artifact value: 0 ( 0 points) Variety of kills: 26 monsters ( 6.82%) ( 7836 points) Turncount: 4005 turns (-1026 points) Survival: died (score multiplied by 80%) Total score: 26187 Latest messages: You stop eating. You resume your meal. You finish eating the dwarf corpse. You see here a pair of hard shoes. The dwarf picks up a crossbow bolt. You bite the dwarf. You kill the dwarf! There are several objects here. You have a little trouble lifting w - a dwarvish mithril-coat. The baby silver dragon bites! You bite the baby silver dragon. You hit the baby silver dragon. (2x) The baby silver dragon bites! (2x) You return to human form! You rebalance your load. Movement is difficult. The baby silver dragon bites! (5x) You don't have enough stamina to move. The baby silver dragon bites! You die... Final status: Aloha Zazza the Tourist, killed by a baby silver dragon... You died in The Gnomish Mines on dungeon level 4 with 26187 points, and 190 pieces of gold, after 4005 moves. You were level 6 with a maximum of 48 hit points when you died.